 Dungeon Crawl Stone Soup version 0.29.1-15-g9cfb28693d (console) character file.

Game seed: 7212417421218132061

20433 erker the Markself (level 12, -3/70 HPs)
             Began as a Deep Elf Arcane Marksman on Apr 10, 2023.
             Was an Initiate of Gozag.
             Shot with an arrow by Nessos (7 damage)
             ... on level 3 of the Lair of Beasts.
             The game lasted 01:38:53 (17659 turns).

erker the Markself (Deep Elf Arcane Marksman)      Turns: 17659, Time: 01:38:54

Health: -3/70      AC:  7    Str:  7    XL:     12   Next: 45%
Magic:  27/27      EV: 12    Int: 26    God:    Gozag
Gold:   1641       SH:  0    Dex: 24    Spells: 10/30 levels left

rFire   + + .      SeeInvis .   a - +3 shortbow
rCold   x . .      Faith    .   (shield currently unavailable)
rNeg    . . .      Spirit   .   R - +2 leather armour "Jaehidan" {rF+ Int+2 Dex+3}
rPois   .          Reflect  .   (helmet restricted)
rElec   .          Harm     .   (no cloak)
rCorr   .          Rampage  .   V - +0 pair of gloves
Will    +....                   h - +0 pair of boots
Stlth   +++.......              y - amulet of regeneration
HPRegen 1.01/turn               n - ring of fire
MPRegen 0.20/turn               z - +6 ring of dexterity

@: brilliant, lethally poisoned (-3 -> -15)
A: claws 1, horns 1, camouflage 1
a: Renounce Religion, Potion Petition, Call Merchant, Bribe Branch


You were on level 3 of the Lair of Beasts.
You worshipped Gozag.
Gozag was most pleased with you.
You visited 3 branches of the dungeon, and saw 15 of its levels.
You also visited: Sewer.

You collected 2729 gold pieces.
You paid 1088 gold pieces to Gozag.

Inventory:

Hand Weapons
 a - a +3 shortbow (weapon)
 b - a +4 vampiric dagger
 d - a +1 dagger of venom
 C - the +7 spear of Jiunel {freeze, *Slow rN+++ Dex+3}
   (You found it on level 7 of the Dungeon)

   It freezes those it strikes, dealing additional cold damage.
   It can also slow down cold-blooded creatures.
   Dex:       It affects your dexterity (+3).
   rN:        It renders you almost immune to negative energy.
   *Slow:     It may slow you when you take damage.
 P - a +0 shortbow of flaming
Missiles
 A - 3 throwing nets
 Q - 17 poisoned darts
Armour
 h - a +0 pair of boots (worn)
 q - a +3 chain mail
 u - the +1 ring mail of the Invisible Hand {rElec}
   (You found it on level 3 of the Dungeon)

   rElec:     It insulates you from electricity.
 N - a +1 scale mail of fire resistance
 R - the +2 leather armour "Jaehidan" (worn) {rF+ Int+2 Dex+3}
   (You found it on level 9 of the Dungeon)

   Int:       It affects your intelligence (+2).
   Dex:       It affects your dexterity (+3).
   rF:        It protects you from fire.
 V - a +0 pair of gloves (worn)
Magical Staves
 r - a staff of conjuration
 t - a staff of poison
Jewellery
 l - a ring of protection from fire
 n - a ring of fire (left hand)
 o - a +4 ring of evasion
 v - a ring of fire
 y - an amulet of regeneration (around neck)
 z - a +6 ring of dexterity (right hand)
 Y - an amulet of the acrobat
Wands
 x - a wand of flame (22)
 G - a wand of charming (25)
 L - a wand of roots (10)
 Z - a wand of mindburst (4)
Scrolls
 c - 2 scrolls of enchant weapon
 f - 5 scrolls of teleportation {unknown}
 g - a scroll of enchant armour {unknown}
 k - 3 scrolls of silence {unknown}
 m - 3 scrolls of poison
 s - 3 scrolls of immolation {unknown}
 D - 5 scrolls of identify {unknown}
 E - a scroll of summoning {unknown}
 H - 4 scrolls of fear {unknown}
 M - a scroll of torment {unknown}
 O - 2 scrolls of vulnerability
 U - a scroll of acquirement {unknown}
 X - 2 scrolls of noise {unknown}
Potions
 e - 3 potions of berserk rage
 i - a potion of heal wounds {unknown}
 j - 3 potions of flight
 p - 5 potions of haste
 w - 3 potions of cancellation
 B - 5 potions of curing
 F - 3 potions of degeneration {unknown}
 I - a potion of invisibility {unknown}
 J - 2 potions of mutation
 K - 3 potions of brilliance {unknown}
 T - a potion of might {unknown}
 W - a potion of magic {unknown}


   Skills:
 + Level 6.2 Fighting
 - Level 16.0 Ranged Weapons
 - Level 2.4 Dodging
 + Level 9.7 Spellcasting
 - Level 4.0 Conjurations
 + Level 12.3 Hexes
 - Level 4.0 Translocations
 * Level 4.8 Transmutations
 - Level 4.0 Fire Magic
 * Level 6.1 Earth Magic


You had 10 spell levels left.
You knew the following spells:

 Your Spells              Type           Power      Damage    Failure   Level
a - Slow                  Hex            100%       N/A       1%          1
c - Conjure Flame         Conj/Fire      66%        6-21      4%          3
f - Cause Fear            Hex            43%        N/A       1%          4
i - Inner Flame           Hex/Fire       90%        N/A       1%          3
l - Leda's Liquefaction   Hex/Erth       37%        N/A       1%          4
w - Passwall              Tmut/Erth      48%        N/A       1%          2
z - Portal Projectile     Hex/Tloc       100%       N/A       1%          3

Your spell library contained the following spells:

 Spells                   Type           Power      Damage    Failure   Level
 Apportation              Tloc           100%       N/A       1%          1
 Foxfire                  Conj/Fire      100%       2x1d9     1%          1
 Ensorcelled Hibernation  Hex/Ice        100%       N/A       1%          2
 Anguish                  Hex/Necr       30%        N/A       5%          4
 Ignite Poison            Fire/Tmut/Pois 58%        N/A       6%          3
 Freeze                   Ice            76%        1d9       7%          1
 Spider Form              Tmut/Pois      37%        N/A       8%          3
 Petrify                  Tmut/Erth      58%        N/A       8%          4
 Poisonous Vapours        Pois/Air       38%        N/A       11%         2
 Sublimation of Blood     Necr           19%        N/A       11%         2
 Mephitic Cloud           Conj/Pois/Air  29%        N/A       12%         3
 Flame Wave               Conj/Fire      66%        2d15      14%         4
 Lee's Rapid Deconstruct  Erth           30%        3d17*     16%         5
 Call Canine Familiar     Summ           19%        N/A       22%         3
 Frozen Ramparts          Ice            38%        1d6       22%         3
 Swiftness                Air            19%        N/A       22%         3
 Ice Form                 Ice/Tmut       37%        N/A       26%         4
 Hailstorm                Conj/Ice       34%        3d9       30%         4
 Irradiate                Conj/Tmut      26%        3d20      32%         5
 Enfeeble                 Hex            43%        N/A       36%         7
 Alistair's Intoxication  Tmut/Pois      24%        N/A       58%         5
 Freezing Cloud           Conj/Ice/Air   14%        6-21      75%         5
 Statue Form              Tmut/Erth      38%        N/A       75%         6
 Corpse Rot               Necr/Pois/Air  Unusable   N/A       N/A         4
 Simulacrum               Ice/Necr       Unusable   N/A       N/A         6

Dungeon Overview and Level Annotations

Branches:
Dungeon (11/15)            Temple (1/1) D:5            Lair (3/5) D:9
 Spider (0/4) Lair:3          Orc (0/2) D:9           Sewer (visited)
  Swamp: Lair:2-3    Shoals: Lair:2-3

Altars:
Ashenzari
Cheibriados
Dithmenos
Elyvilon
Fedhas
Gozag
Hepliaklqana
Kikubaaqudgha
Makhleb
Nemelex Xobeh
Okawaru
Qazlal
Ru
Sif Muna
Trog
Uskayaw
Vehumet
Wu Jian
Xom
Yredelemnul
Zin
The Shining One

Portals:
Trove: D:11 (give 17 potions of curing)

Annotations:
D:6 2 transporters
D:7 2 transporters, boyan's ghost, novice KoBr
Lair:3 Nessos


Innate Abilities, Weirdness & Mutations

You have sharp fingernails.
You have a pair of small horns on your head.
Your skin changes colour to match your surroundings (Stealth+).


Message History

Nessos mumbles some strange words.
Nessos blinks!
Okay, then.
Unknown command.
Unknown command.
Unknown command.
Unknown command.
Unknown command.
Unknown command.
Unknown command.
You feel better.
Nessos gestures wildly while chanting.
Nessos blinks!
Nessos gestures wildly while chanting.
Nessos blinks!
Nessos mumbles some strange words.
Nessos blinks!
Nessos shoots an arrow.
The arrow barely misses you.
Casting: Cause Fear (safe; 1% risk of failure)
Confirm with . or Enter, or press ? or * to list all spells.
Casting: Cause Fear (safe; 1% risk of failure)
Press: ? - help, Dir - look around, f - activate
Okay, then.
Unknown command.
Unknown command.
Blink to where?
Press: ? - help, Dir - move target
As you read the scroll of blinking, it crumbles to dust.
You see here a potion of attraction.
Nessos casts a spell.
Nessos blinks!
There is an escape hatch in the ceiling here.
Nessos shoots an arrow.
The arrow hits you!
* * * LOW HITPOINT WARNING * * *
The arrow burns you.
You are lethally poisoned!
* * * LOW HITPOINT WARNING * * *
Nessos shoots an arrow.
The arrow hits you!
You die...
Your body crumbles into a pile of gold.

#......##.......#...
#.......##.....###.#
##..................#
#..................##
#..................##
##.................P#
#......##....).#####
##....P......##.##
#...@..c.!.......#
##..............P#
#...............#
#P....>.........#
###...###......##
#..... ##§....#####
.........#.....P...#
....................
..........§..


You could see Nessos (fast).

Vanquished Creatures
  A hydra (Lair:1)
  3 two-headed ogres
  A death yak (D:9)
  2 lindwurms (Lair:1)
  A cyclops (D:11)
  Maurice (D:8)
  An elephant (D:9)
  7 cane toads
  A gargoyle (D:11)
  6 komodo dragons
  An unseen horror (D:11)
  A rime drake (Lair:3)
  2 trolls (D:10)
  5 slime creatures (D:9)
  A wraith (D:10)
  17 yaks
  3 basilisks
  2 wyverns (D:9)
  2 steam dragons
  5 water moccasins
  Pargi (Sewer)
  2 orc warriors (D:8)
  4 ice beasts
  4 black bears
  4 centaurs
  3 ogres
  A phantom (D:4)
  A kobold brigand (D:9)
  9 bullfrogs
  Blork the orc (D:4)
  A necrophage (D:7)
  2 gnoll sergeants
  3 scorpions
  14 wights
  12 killer bees
  2 howler monkeys (D:11)
  2 electric eels
  3 vampire bats (D:6)
  A lava snake (Lair:1)
  4 hounds
  A gnoll bouda (D:4)
  8 orc priests
  2 jellies
  Natasha (thrice) (D:3)
  6 orc wizards
  19 iguanas
  19 gnolls
  9 adders
  A river rat (D:5)
  2 white imps (D:7)
  3 ufetubi
  2 worms
  3 dart slugs
  26 orcs
  10 bats
  3 bat skeletons (D:6)
  3 bat zombies (D:6)
  8 endoplasms
  6 giant cockroaches
  12 goblins
  6 hobgoblins
  3 jackals (D:4)
  2 quokkas
  3 ball pythons
  22 frilled lizards
  21 kobolds
  9 rats
349 creatures vanquished.

Vanquished Creatures (others)
  6 fungi
  18 plants
24 creatures vanquished.

Grand Total: 373 creatures vanquished

Notes
Turn   | Place    | Note
-------+----------+-------------------------------------------
     0 | D:1      | erker the Deep Elf Arcane Marksman began the quest for the
                  | Orb.
     0 | D:1      | Reached XP level 1. HP: 11/11 MP: 5/5
    81 | D:1      | Reached skill level 3 in Ranged Weapons
   237 | D:1      | Reached XP level 2. HP: 12/16 MP: 6/6
   483 | D:1      | Found a faded altar of an unknown god.
  1011 | D:2      | Reached skill level 4 in Ranged Weapons
  1133 | D:2      | Reached XP level 3. HP: 14/20 MP: 7/7
  1490 | D:2      | Reached skill level 5 in Ranged Weapons
  1490 | D:2      | Reached skill level 5 in Hexes
  1490 | D:2      | Reached XP level 4. HP: 24/24 MP: 8/8
  1495 | D:2      | Learned a level 4 spell: Cause Fear
  2265 | D:3      | Noticed a centaur
  2560 | D:3      | Killed a centaur
  2561 | D:3      | Reached skill level 1 in Fighting
  2561 | D:3      | Reached skill level 6 in Ranged Weapons
  2561 | D:3      | Reached XP level 5. HP: 19/29 MP: 9/9
  2752 | D:3      | Identified the +1 ring mail of the Invisible Hand {rElec}
  2993 | D:3      | Noticed Natasha
  3003 | D:3      | Killed Natasha
  3064 | D:3      | Noticed Natasha
  3079 | D:3      | Killed Natasha
  3080 | D:3      | Reached XP level 6. HP: 9/34 MP: 10/10
  3313 | D:3      | Noticed Natasha
  3328 | D:3      | Killed Natasha
  3329 | D:3      | Reached skill level 7 in Ranged Weapons
  3724 | D:4      | Noticed Blork the orc
  4017 | D:4      | Gained mutation: You have sharp fingernails. [potion of
                  | mutation]
  4017 | D:4      | Gained mutation: You passively map a small area around you.
                  | [potion of mutation]
  4017 | D:4      | Gained mutation: Your skin changes colour to match your
                  | surroundings (Stealth+). [potion of mutation]
  4017 | D:4      | Gained mutation: You are partially covered in iridescent
                  | scales. (AC +2) [potion of mutation]
  4507 | D:4      | Identified the +1 plate armour "Poigar" {Harm rCorr Str+3}
  4629 | D:4      | Reached skill level 8 in Ranged Weapons
  4629 | D:4      | Reached XP level 7. HP: 38/38 MP: 11/11
  5031 | D:4      | Learned a level 2 spell: Passwall
  5368 | D:4      | Reached skill level 9 in Ranged Weapons
  5490 | D:4      | Reached skill level 1 in Transmutations
  5490 | D:4      | Reached skill level 1 in Earth Magic
  6188 | D:4      | HP: 1/38 [killer bee (5)]
  6191 | D:4      | Lost mutation: You are partially covered in iridescent
                  | scales. (AC +2) [potion of mutation]
  6191 | D:4      | Lost mutation: You passively map a small area around you.
                  | [potion of mutation]
  6191 | D:4      | Gained mutation: You have a pair of small horns on your
                  | head. [potion of mutation]
  6904 | D:4      | Reached XP level 8. HP: 43/43 MP: 12/12
  7030 | D:4      | Killed Blork the orc
  7031 | D:4      | Reached skill level 10 in Ranged Weapons
  7143 | D:5      | Entered Level 5 of the Dungeon
  7210 | D:5      | Found a glowing drain.
  7229 | Sewer    | Entered a sewer
  7265 | Sewer    | Noticed Pargi
  7298 | Sewer    | Killed Pargi
  7416 | D:5      | Found an opulent altar of Gozag.
  7423 | D:5      | Became a worshipper of Gozag Ym Sagoz the Greedy
  7513 | D:5      | Found a staircase to the Ecumenical Temple.
  7521 | Temple   | Entered the Ecumenical Temple
  7763 | D:5      | Learned a level 3 spell: Conjure Flame
  7898 | D:5      | Found a sacrificial altar of Ru.
  8234 | D:6      | Found a shimmering altar of Xom.
  8294 | D:6      | Reached skill level 11 in Ranged Weapons
  8294 | D:6      | Reached skill level 1 in Conjurations
  8294 | D:6      | Reached skill level 1 in Fire Magic
  8505 | D:6      | Found a transporter.
  8518 | D:6      | Identified the +0 kite shield of Eternal Night {Str+4
                  | Int+4}
  8653 | D:6      | Reached XP level 9. HP: 49/49 MP: 14/16
  8972 | D:6      | Found a transporter.
  9309 | D:6      | Found an ancient bone altar of Kikubaaqudgha.
  9607 | D:7      | Found a transporter.
  9610 | D:7      | Found a transporter.
  9613 | D:7      | Noticed a moth of wrath
  9621 | D:7      | Noticed a two-headed ogre
  9626 | D:7      | Found a bloodstained altar of Trog.
  9634 | D:7      | Noticed boyan's ghost (novice KoBr)
  9651 | D:7      | Identified the +7 spear of Jiunel {freeze, *Slow rN+++
                  | Dex+3}
  9719 | D:7      | Reached skill level 12 in Ranged Weapons
  9812 | D:7      | Reached skill level 5 in Spellcasting
 10117 | D:7      | Learned a level 3 spell: Portal Projectile
 10121 | D:7      | Learned a level 3 spell: Inner Flame
 10502 | D:8      | Found a blossoming altar of Fedhas.
 10511 | D:8      | Found a stormy altar of Qazlal.
 10512 | D:8      | Found an ornate altar of the Wu Jian Council.
 10560 | D:8      | Found a bloodstained altar of Trog.
 10599 | D:8      | Noticed Maurice
 10623 | D:8      | Killed Maurice
 10624 | D:8      | Reached skill level 1 in Translocations
 10724 | D:8      | Reached XP level 10. HP: 48/56 MP: 16/20
 10992 | D:8      | Found a hazy altar of Hepliaklqana.
 11209 | D:9      | Noticed an elephant
 11336 | D:9      | Found a staircase to the Lair.
 11480 | D:9      | Killed an elephant
 11527 | D:9      | Noticed a death yak
 11596 | D:9      | Killed a death yak
 11597 | D:9      | Reached skill level 13 in Ranged Weapons
 11597 | D:9      | Reached skill level 10 in Hexes
 11987 | D:9      | Noticed a two-headed ogre
 12009 | D:9      | Killed a two-headed ogre
 12411 | D:9      | Found a white marble altar of Elyvilon.
 12460 | D:9      | Found a staircase to the Orcish Mines.
 12666 | D:9      | Learned a level 4 spell: Leda's Liquefaction
 12948 | D:9      | Found a glowing silver altar of Zin.
 12977 | D:9      | Identified the +2 leather armour "Jaehidan" {rF+ Int+2
                  | Dex+3}
 13014 | D:10     | Entered Level 10 of the Dungeon
 13018 | D:10     | Reached XP level 11. HP: 62/62 MP: 23/23
 13127 | D:10     | Reached skill level 14 in Ranged Weapons
 13188 | D:10     | Noticed a two-headed ogre
 13200 | D:10     | Killed a two-headed ogre
 14064 | D:11     | Reached skill level 5 in Fighting
 14290 | D:11     | Found a portal to a secret trove of treasure.
 14492 | D:11     | Noticed a two-headed ogre
 14527 | D:11     | Killed a two-headed ogre
 14873 | D:11     | Found a hide-covered altar of Uskayaw.
 14967 | Lair:1   | Entered Level 1 of the Lair of Beasts
 15349 | Lair:1   | Noticed a seven-headed hydra
 15366 | Lair:1   | Killed a seven-headed hydra
 15367 | Lair:1   | Reached skill level 15 in Ranged Weapons
 15472 | Lair:1   | Noticed a lindwurm
 15478 | Lair:1   | Killed a lindwurm
 15479 | Lair:1   | Noticed a lindwurm
 15491 | Lair:1   | Killed a lindwurm
 15519 | Lair:1   | Reached XP level 12. HP: 69/69 MP: 6/26
 16609 | Lair:2   | Reached skill level 5 in Earth Magic
 16837 | Lair:2   | Reached skill level 16 in Ranged Weapons
 17479 | Lair:3   | Found a hole to the Spider Nest.
 17636 | Lair:3   | Noticed Nessos
 17648 | Lair:3   | HP: 3/70 [poisoned by Nessos]
 17659 | Lair:3   | Shot with an arrow by Nessos

Illustrated notes

Levels and vault maps discovered:
D:1:      dpeg_arrival_ternary, layout_loops_ring,
          shapermc_ecumenical_altar_mp_vishouse
D:2:      layout_basic, amcnicky_mini_pool_small
D:3:      layout_loops_cross, uniq_natasha
D:4:      minmay_evil_eye, layout_basic, serial_corexii_hall,
          corexii_hall_statues_l, corexii_hall_statues_l,
          corexii_hall_statues_l, corexii_hall_statues_s,
          corexii_hall_statues_i, corexii_hall_statues_deadend,
          minmay_increasing_density, uniq_blork_the_orc
D:5:      layout_rooms, kennysheep_mini_moat, grunt_gozag_statues,
          minmay_temple_entry_slanted, portal_sewer_entry_a
D:6:      layout_basic, mainiacjoe_overflow_surrounded_room,
          kennysheep_vampire_church, gammafunk_ghost_gnarly_gnolls
D:7:      layout_cave_pools, gammafunk_ghost_wrathful_warriors,
          kb_lookout_dungeons_type, minmay_strange_pillars
D:8:      layout_rooms, bloody_trog, worldfamousw_hep_ancestral_shrine,
          minitemple, serial_glass, glass_columns_b, glass_columns_b,
          glass_columns_a, glass_columns_b, glass_columns_b, glass_columns_a,
          uniq_maurice
D:9:      layout_basic, mainiacjoe_overflow_boulevard,
          mainiacjoe_overflow_alcove_2, david_lair_generic, orc_0_dummy,
          minmay_stone_trees_small, dk_vineyard_3,
          chequers_serial_rivers_micro_c
D:10:     layout_roguey, fungi_pond_lemuel
D:11:     layout_loops_ring, enter_trove_0, serial_bayou_lagoon_a,
          nicolae_uskayaw_suspiria
Temple:   nicolae_temple_bog_church
Lair:1:   lemuel_reptile_caves, layout_gridlike, nicolae_lair_lindhole
Lair:2:   layout_gridlike
Lair:3:   layout_gridlike, swamp_mist_pool, nicolae_spider_entry_tight_spaces,
          roderic_carrion_pond, uniq_nessos, uniq_urug

Skill      XL: |  1  2  3  4  5  6  7  8  9 10 11 12 |
---------------+-------------------------------------+-----
Ranged Weapons | 3 4 5 6 8 9 11 12 13 15 16 | 16.0
Hexes          | 5 6 7 8 9 10 11 12 | 12.3
Fighting       | 1 2 3 4 5 6 |  6.2
Transmutations | 1 2 3 4 |  4.8
Earth Magic    | 2 4 6 |  6.1
Spellcasting   | 3 5 7 8 9 |  9.7
Conjurations   | 1 3 4 |  4.0
Fire Magic     | 1 3 4 |  4.0
Translocations | 1 3 4 |  4.0
Dodging        | |  2.4

Action                   |  1- 3 |  4- 6 |  7- 9 | 10-12 || total
-------------------------+-------+-------+-------+-------++-------
Melee: Dagger            |       |    34 |   107 |       ||   141
       Punch             |       |     2 |     1 |       ||     3
       Headbutt          |       |       |     8 |       ||     8
 Fire: Sling             |   125 |   119 |       |       ||   244
       Shortbow          |       |    64 |   476 |   646 ||  1186
 Cast: Slow              |    32 |    27 |    50 |    21 ||   130
       Cause Fear        |       |     5 |    20 |    27 ||    52
       Conjure Flame     |       |       |    13 |    46 ||    59
       Inner Flame       |       |       |     2 |    19 ||    21
       Portal Projectile |       |       |     1 |     1 ||     2
       Leda's Liquefacti |       |       |       |    13 ||    13
       Passwall          |       |       |       |     3 ||     3
Invok: Potion Petition   |       |       |       |     2 ||     2
Evoke: Wand              |       |       |     4 |       ||     4
  Use: Potion            |       |     2 |    13 |     1 ||    16
       Scroll            |       |       |     4 |     1 ||     5
Armor: Robe              |     3 |    20 |    36 |     1 ||    60
       Chain mail        |       |    26 |    39 |       ||    65
       Skin              |       |       |    49 |       ||    49
       Leather armour    |       |       |       |    15 ||    15
Dodge: Dodged            |    20 |    78 |   207 |    44 ||   349
